[ AOE2 MATCH · #484615360 ]
Team RMJurchens vs Shu
[ REPLAY ANALYSIS · EXTRACTED FROM THE RECORDED GAME ]
Feudal
—
Castle
—
Imperial
—
| APM avg | 44.5 |
| APM peak | 88 |
| eAPM avg | 18.2 |
| Villagers / military | 28 / 0 |
Focus
⚔️ 33.1% · 🌾 66.9%
Feudal
—
Castle
—
Imperial
—
| APM avg | 56.6 |
| APM peak | 87 |
| eAPM avg | 27.6 |
| Villagers / military | 29 / 0 |
Focus
⚔️ 34.7% · 🌾 65.3%
Feudal
—
Castle
—
Imperial
—
| APM avg | 65.0 |
| APM peak | 105 |
| eAPM avg | 39.8 |
| Villagers / military | 46 / 0 |
Focus
⚔️ 43.0% · 🌾 57.0%
Feudal
—
Castle
—
Imperial
—
| APM avg | 45.8 |
| APM peak | 73 |
| eAPM avg | 12.9 |
| Villagers / military | 17 / 0 |
Focus
⚔️ 25.0% · 🌾 75.0%
Feudal
9:30
Castle
—
Imperial
—
| APM avg | 46.1 |
| APM peak | 84 |
| eAPM avg | 16.9 |
| Villagers / military | 25 / 1 |
Focus
⚔️ 43.2% · 🌾 56.8%
Spearman ×1
Feudal
8:54
Castle
—
Imperial
—
| APM avg | 65.0 |
| APM peak | 82 |
| eAPM avg | 15.2 |
| Villagers / military | 22 / 0 |
Focus
⚔️ 33.3% · 🌾 66.7%
Feudal
—
Castle
—
Imperial
—
| APM avg | 58.4 |
| APM peak | 117 |
| eAPM avg | 25.5 |
| Villagers / military | 27 / 0 |
Focus
⚔️ 27.0% · 🌾 73.0%
Feudal
—
Castle
—
Imperial
—
| APM avg | 59.4 |
| APM peak | 98 |
| eAPM avg | 23.3 |
| Villagers / military | 19 / 0 |
Focus
⚔️ 28.2% · 🌾 71.8%
Match map
Initial resources + every placement click. Lines = walls · curves = elevation contours. ◆ gold · ⬟ stone · ● berries · ✦ relic · ◌ wall gap
Your base
profdiniz's base
[Nors] r0adyy's base
no u's base
[Nors]Zanato's base
BF_Xin's base
Valle's base
[Nors] ImSimon's base
Smoothed initial terrain · ◌ = detected wall gap · hover for details
Inputs per minute
— [Nors] °Andy° - - profdiniz
Build order — [Nors] °Andy°
42 actions detected in the replay
| 0:01 | Create | Villager (Male) |
| 0:02 | Build | House |
| 0:06 | Build | House |
| 0:11 | Create | Villager (Male) |
| 0:12 | Create | Villager (Male) |
| 0:16 | Create | Villager (Male) |
| 1:30 | Create | Villager (Male) |
| 1:47 | Build | Lumber Camp |
| 2:01 | Create | Villager (Male) |
| 2:01 | Create | Villager (Male) |
| 2:26 | Create | Villager (Male) |
| 2:27 | Create | Villager (Male) |
| 2:27 | Create | Villager (Male) |
| 3:25 | Create | Villager (Male) |
| 3:25 | Create | Villager (Male) |
| 3:25 | Create | Villager (Male) |
| 3:41 | Create | Villager (Male) |
| 3:41 | Create | Villager (Male) |
| 3:41 | Create | Villager (Male) |
| 3:56 | Build | House |
| 3:56 | Build | House |
| 4:31 | Create | Villager (Male) |
| 4:50 | Build | Mill |
| 4:51 | Create | Villager (Male) |
| 4:56 | Build | House |
| 5:20 | Create | Villager (Male) |
| 5:20 | Create | Villager (Male) |
| 5:36 | Create | Villager (Male) |
| 5:36 | Create | Villager (Male) |
| 5:52 | Create | Villager (Male) |
| 5:53 | Create | Villager (Male) |
| 5:53 | Create | Villager (Male) |
| 5:53 | Create | Villager (Male) |
| 5:56 | Build | House |
| 6:17 | Create | Villager (Male) |
| 6:49 | Create | Villager (Male) |
| 6:56 | Build | Barracks |
| 7:46 | Build | House |
| 8:15 | Build | House |
| 8:30 | Research | Loom |
| 8:45 | Research | Feudal Age |
| 9:19 | Build | Mining Camp |
Build order — profdiniz
35 actions detected in the replay
| 0:00 | Create | Villager (Male) |
| 0:01 | Create | Villager (Male) |
| 0:02 | Build | House |
| 0:06 | Build | House |
| 0:13 | Create | Villager (Male) |
| 0:13 | Create | Villager (Male) |
| 0:13 | Create | Villager (Male) |
| 1:41 | Create | Villager (Male) |
| 1:41 | Create | Villager (Male) |
| 2:05 | Create | Villager (Male) |
| 2:06 | Create | Villager (Male) |
| 2:19 | Build | Mill |
| 2:31 | Create | Villager (Male) |
| 2:31 | Create | Villager (Male) |
| 3:00 | Research | Loom |
| 3:15 | Create | Villager (Male) |
| 3:15 | Create | Villager (Male) |
| 4:28 | Create | Villager (Male) |
| 4:29 | Create | Villager (Male) |
| 5:07 | Create | Villager (Male) |
| 5:07 | Create | Villager (Male) |
| 5:48 | Create | Villager (Male) |
| 5:48 | Create | Villager (Male) |
| 6:02 | Create | Villager (Male) |
| 6:02 | Create | Villager (Male) |
| 6:39 | Create | Villager (Male) |
| 6:39 | Create | Villager (Male) |
| 7:17 | Build | House |
| 7:29 | Create | Villager (Male) |
| 7:29 | Create | Villager (Male) |
| 8:09 | Create | Villager (Male) |
| 8:10 | Create | Villager (Male) |
| 8:38 | Build | Mill |
| 9:30 | Create | Villager (Male) |
| 9:30 | Create | Villager (Male) |
Build order — [Nors] r0adyy
50 actions detected in the replay
| 0:00 | Create | Villager (Male) |
| 0:00 | Create | Villager (Male) |
| 0:01 | Create | Villager (Male) |
| 0:01 | Create | Villager (Male) |
| 0:54 | Create | Villager (Male) |
| 0:54 | Create | Villager (Male) |
| 1:33 | Create | Villager (Male) |
| 1:44 | Build | Lumber Camp |
| 2:10 | Create | Villager (Male) |
| 2:11 | Create | Villager (Male) |
| 2:29 | Create | Villager (Male) |
| 2:39 | Research | Loom |
| 2:47 | Create | Villager (Male) |
| 2:48 | Create | Villager (Male) |
| 2:48 | Create | Villager (Male) |
| 3:47 | Create | Villager (Male) |
| 3:47 | Create | Villager (Male) |
| 4:10 | Create | Villager (Male) |
| 4:10 | Create | Villager (Male) |
| 4:29 | Create | Villager (Male) |
| 4:29 | Create | Villager (Male) |
| 4:55 | Create | Villager (Male) |
| 4:56 | Create | Villager (Male) |
| 5:28 | Create | Villager (Male) |
| 5:28 | Create | Villager (Male) |
| 6:11 | Create | Villager (Male) |
| 6:11 | Create | Villager (Male) |
| 6:32 | Create | Villager (Male) |
| 6:32 | Create | Villager (Male) |
| 6:56 | Create | Villager (Male) |
| 6:56 | Create | Villager (Male) |
| 7:06 | Create | Villager (Male) |
| 7:06 | Create | Villager (Male) |
| 7:16 | Build | Mill |
| 7:30 | Create | Villager (Male) |
| 7:30 | Create | Villager (Male) |
| 7:42 | Create | Villager (Male) |
| 7:42 | Create | Villager (Male) |
| 7:45 | Create | Villager (Male) |
| 8:08 | Create | Villager (Male) |
| 8:08 | Create | Villager (Male) |
| 8:11 | Create | Villager (Male) |
| 8:11 | Create | Villager (Male) |
| 8:12 | Create | Villager (Male) |
| 8:43 | Create | Villager (Male) |
| 8:44 | Create | Villager (Male) |
| 8:55 | Create | Villager (Male) |
| 8:55 | Create | Villager (Male) |
| 9:12 | Build | Mill |
| 9:36 | Create | Villager (Male) |
Build order — no u
24 actions detected in the replay
| 0:01 | Create | Villager (Male) |
| 0:02 | Build | House |
| 0:03 | Build | House |
| 0:06 | Create | Villager (Male) ×3 |
| 1:33 | Create | Villager (Male) |
| 1:44 | Build | Lumber Camp |
| 2:01 | Create | Villager (Male) |
| 2:27 | Create | Villager (Male) |
| 2:27 | Create | Villager (Male) |
| 2:39 | Create | Villager (Male) |
| 2:39 | Create | Villager (Male) |
| 3:11 | Create | Villager (Male) |
| 3:30 | Create | Villager (Male) |
| 3:31 | Create | Villager (Male) |
| 3:41 | Build | House |
| 3:57 | Create | Villager (Male) |
| 4:05 | Build | House |
| 4:16 | Create | Villager (Male) |
| 4:54 | Create | Villager (Male) |
| 5:14 | Build | Mill |
| 5:19 | Create | Villager (Male) |
| 5:43 | Research | Loom |
| 6:11 | Research | Feudal Age |
| 7:24 | Build | Barracks |
Build order — [Nors]Zanato
38 actions detected in the replay
| 0:02 | Create | Villager (Male) |
| 0:02 | Create | Villager (Male) |
| 0:02 | Create | Villager (Male) |
| 0:03 | Build | House |
| 0:04 | Build | House |
| 0:42 | Create | Villager (Male) |
| 0:42 | Create | Villager (Male) |
| 1:26 | Create | Villager (Male) |
| 1:26 | Create | Villager (Male) |
| 1:50 | Create | Villager (Male) |
| 1:51 | Create | Villager (Male) |
| 2:07 | Create | Villager (Male) |
| 2:08 | Create | Villager (Male) |
| 2:44 | Create | Villager (Male) |
| 2:45 | Create | Villager (Male) |
| 2:45 | Create | Villager (Male) |
| 3:02 | Build | Lumber Camp |
| 3:11 | Build | House |
| 3:26 | Create | Villager (Male) |
| 3:26 | Create | Villager (Male) |
| 3:26 | Create | Villager (Male) |
| 3:50 | Create | Villager (Male) |
| 3:50 | Create | Villager (Male) |
| 4:47 | Create | Villager (Male) |
| 4:48 | Create | Villager (Male) |
| 5:07 | Build | Mill |
| 5:11 | Create | Villager (Male) |
| 5:52 | Create | Villager (Male) |
| 5:53 | Create | Villager (Male) |
| 6:34 | Build | House |
| 6:49 | Research | Loom |
| 7:20 | Research | Feudal Age |
| 7:20 | Research | Feudal Age |
| 8:29 | Build | Barracks |
| 9:30 | Age | Feudal Age |
| 9:31 | Create | Spearman |
| 9:33 | Create | Villager (Male) |
| 9:41 | Research | Double-Bit Axe |
Build order — BF_Xin
37 actions detected in the replay
| 0:00 | Create | Villager (Male) |
| 0:01 | Create | Villager (Male) |
| 0:02 | Build | House |
| 0:03 | Build | House |
| 0:08 | Create | Villager (Male) |
| 0:16 | Create | Villager (Male) |
| 1:33 | Create | Villager (Male) |
| 1:33 | Create | Villager (Male) |
| 1:42 | Create | Villager (Male) |
| 1:50 | Build | Mule Cart |
| 2:33 | Create | Villager (Male) |
| 2:33 | Create | Villager (Male) |
| 2:33 | Create | Villager (Male) |
| 3:17 | Create | Villager (Male) |
| 3:31 | Build | House |
| 3:49 | Create | Villager (Male) |
| 3:49 | Create | Villager (Male) |
| 4:05 | Create | Villager (Male) |
| 4:05 | Create | Villager (Male) |
| 4:08 | Create | Villager (Male) |
| 4:25 | Create | Villager (Male) |
| 4:25 | Create | Villager (Male) |
| 4:35 | Create | Villager (Male) |
| 4:38 | Build | Mill |
| 5:42 | Create | Villager (Male) |
| 6:40 | Research | Feudal Age |
| 6:40 | Research | Feudal Age |
| 6:40 | Research | Feudal Age |
| 6:40 | Research | Feudal Age |
| 7:45 | Build | Barracks |
| 7:50 | Build | House |
| 8:54 | Age | Feudal Age |
| 8:56 | Create | Villager (Male) |
| 8:57 | Build | Stable |
| 9:01 | Research | Double-Bit Axe |
| 9:01 | Research | Double-Bit Axe |
| 9:05 | Create | Villager (Male) |
Build order — Valle
50 actions detected in the replay
| 0:00 | Create | Villager (Male) |
| 0:01 | Create | Villager (Male) |
| 0:02 | Build | House |
| 0:02 | Create | Villager (Male) |
| 0:03 | Build | House |
| 0:06 | Create | Villager (Male) |
| 1:20 | Create | Villager (Male) |
| 1:51 | Create | Villager (Male) |
| 1:52 | Build | Lumber Camp |
| 2:24 | Create | Villager (Male) |
| 2:35 | Create | Villager (Male) |
| 2:38 | Research | Loom |
| 2:44 | Create | Villager (Male) |
| 2:55 | Create | Villager (Male) |
| 2:55 | Create | Villager (Male) |
| 3:26 | Create | Villager (Male) |
| 3:26 | Create | Villager (Male) |
| 3:26 | Create | Villager (Male) |
| 4:20 | Create | Villager (Male) |
| 4:39 | Create | Villager (Male) |
| 5:15 | Build | House |
| 5:21 | Create | Villager (Male) |
| 5:21 | Create | Villager (Male) |
| 5:25 | Build | Mill |
| 6:06 | Create | Villager (Male) |
| 6:30 | Create | Villager (Male) |
| 6:30 | Create | Villager (Male) |
| 6:48 | Create | Villager (Male) |
| 7:06 | Build | Farm |
| 7:10 | Build | Farm |
| 7:12 | Create | Villager (Male) |
| 7:19 | Build | Palisade Wall |
| 7:19 | Build | Palisade Wall |
| 7:20 | Build | Palisade Wall |
| 7:20 | Build | Palisade Wall |
| 7:21 | Build | Palisade Wall |
| 7:22 | Build | Palisade Wall |
| 7:26 | Build | House |
| 7:38 | Build | Farm |
| 7:56 | Create | Villager (Male) |
| 8:15 | Build | Farm |
| 8:18 | Create | Villager (Male) |
| 8:38 | Create | Villager (Male) |
| 8:42 | Build | Palisade Wall |
| 8:44 | Build | Palisade Wall |
| 9:11 | Build | Mining Camp |
| 9:26 | Create | Villager (Male) |
| 9:29 | Build | Farm |
| 9:36 | Build | Palisade Wall |
| 9:37 | Build | Palisade Wall |
Build order — [Nors] ImSimon
37 actions detected in the replay
| 0:00 | Create | Villager (Male) |
| 0:01 | Create | Villager (Male) |
| 0:02 | Build | House |
| 0:03 | Build | House |
| 1:03 | Create | Villager (Male) |
| 1:03 | Create | Villager (Male) |
| 1:42 | Create | Villager (Male) |
| 1:56 | Build | Lumber Camp |
| 2:16 | Create | Villager (Male) |
| 2:35 | Create | Villager (Male) |
| 3:04 | Research | Loom |
| 3:48 | Create | Villager (Male) |
| 3:48 | Create | Villager (Male) |
| 3:48 | Create | Villager (Male) |
| 4:10 | Create | Villager (Male) |
| 4:31 | Create | Villager (Male) |
| 4:45 | Build | House |
| 4:50 | Create | Villager (Male) |
| 5:22 | Build | Palisade Wall |
| 5:27 | Build | Palisade Wall |
| 5:35 | Build | Mill |
| 5:48 | Build | Palisade Wall |
| 5:51 | Build | Palisade Wall |
| 5:59 | Create | Villager (Male) |
| 6:24 | Build | Palisade Wall |
| 6:25 | Build | Palisade Wall |
| 6:30 | Create | Villager (Male) |
| 6:42 | Create | Villager (Male) |
| 6:55 | Build | House |
| 7:16 | Create | Villager (Male) |
| 7:37 | Create | Villager (Male) |
| 7:51 | Build | Mining Camp |
| 8:09 | Create | Villager (Male) |
| 8:32 | Research | Feudal Age |
| 8:48 | Build | Palisade Wall |
| 8:50 | Build | Palisade Wall |
| 9:40 | Build | Barracks |
Match timeline
| 5:22 | [Nors] ImSimon · wall_segment Palisade Wall x4 |
| 5:27 | [Nors] ImSimon · wall_segment Palisade Wall x1 |
| 5:48 | [Nors] ImSimon · wall_segment Palisade Wall x3 |
| 5:51 | [Nors] ImSimon · wall_segment Palisade Wall x1 |
| 6:24 | [Nors] ImSimon · wall_segment Palisade Wall x1 |
| 6:25 | [Nors] ImSimon · wall_segment Palisade Wall x1 |
| 6:56 | [Nors] °Andy° · first_building Barracks |
| 7:19 | Valle · wall_segment Palisade Wall x1 |
| 7:19 | Valle · wall_segment Palisade Wall x1 |
| 7:20 | Valle · wall_segment Palisade Wall x1 |
| 7:20 | Valle · wall_segment Palisade Wall x1 |
| 7:21 | Valle · wall_segment Palisade Wall x1 |
| 7:22 | Valle · wall_segment Palisade Wall x1 |
| 7:24 | no u · first_building Barracks |
| 7:39 | no u · resign |
| 7:45 | BF_Xin · first_building Barracks |
| 8:29 | [Nors]Zanato · first_building Barracks |
| 8:42 | Valle · wall_segment Palisade Wall x3 |
| 8:44 | Valle · wall_segment Palisade Wall x4 |
| 8:48 | [Nors] ImSimon · wall_segment Palisade Wall x6 |
| 8:50 | [Nors] ImSimon · wall_segment Palisade Wall x8 |
| 8:54 | BF_Xin · age_up feudal |
| 8:57 | BF_Xin · first_building Stable |
| 9:30 | [Nors]Zanato · age_up feudal |
| 9:36 | Valle · wall_segment Palisade Wall x1 |
| 9:37 | Valle · wall_segment Palisade Wall x1 |
| 9:40 | [Nors] ImSimon · first_building Barracks |
[ AI ANALYSIS · 1 CREDIT ]
What really happened in this match?
Wolo.gg analyzes every decision: build order, eco, micro, common mistakes by bracket. Personalized analysis on WhatsApp or Discord in 30 seconds.
Civ guide
Jurchens
Map guide
Socotra
Perfil
Jugador #4874724